 Dungeon Crawl Stone Soup version 0.21-a0-471-gd587bd5 (webtiles) character file.

4839 Laiders the Geomancer (level 10, -5/50 HPs)
             Began as a Gargoyle Earth Elementalist on Nov 21, 2017.
             Was a Priest of Vehumet.
             Slain by a crimson imp
             ... wielding the +10 quarterstaff "Neomiug" {freeze, rF+ rC- rN+}
              (14 damage)
             ... on level 8 of the Dungeon.
             The game lasted 00:35:54 (8796 turns).

Laiders the Geomancer (Gargoyle Earth Elementalist) Turns: 8796, Time: 00:35:55

Health: -5/50      AC: 14    Str: 12    XL:     10   Next: 49%
Magic:  0/24       EV: 11    Int: 19    God:    Vehumet [***...]
Gold:   571        SH:  6    Dex: 10    Spells: 19/29 levels left

rFire    . . .     SeeInvis .   p - staff of energy
rCold    . . .     Gourm    .   C - +2 buckler
rNeg     + + +     Faith    .   x - +3 leather armour {rN+}
rPois    ∞         Spirit   .   (no helmet)
rElec    +         Reflect  .   (no cloak)
rCorr    .         Harm     .   (no gloves)
MR       .....                  D - +0 pair of boots
Stlth    ++........             u - amulet of rage
HPRegen  0.16/turn              k - ring of positive energy
MPRegen  0.19/turn              o - ring of flight

@: no status effects
A: negative energy resistance 1, electricity resistance, unbreathing,
petrification resistance, rot immunity, AC +7
a: Renounce Religion, Evoke Berserk Rage, Evoke Flight


You were on level 8 of the Dungeon.
You worshipped Vehumet.
Vehumet was most pleased with you.
You were not hungry.

You visited 2 branches of the dungeon, and saw 9 of its levels.

You collected 571 gold pieces.

Inventory:

Missiles
 b - 54 stones (quivered)
Armour
 x - a +3 leather armour of positive energy (worn)
 C - a +2 buckler (worn)
 D - a +0 pair of boots (worn)
Magical Staves
 p - an uncursed staff of energy (weapon)
Jewellery
 k - a ring of positive energy (left hand)
 o - a ring of flight (right hand)
 u - an amulet of rage (around neck)
Scrolls
 i - 2 scrolls of magic mapping
 j - 2 scrolls of blinking
 l - 4 scrolls of teleportation
 q - a scroll of enchant armour
 w - 3 scrolls of remove curse
 B - 2 scrolls of fear
Potions
 a - 3 potions of curing
 g - 2 potions of agility
 v - 3 potions of haste
 z - a potion of flight
 A - a potion of mutation
Books
 e - a book of Geomancy

   Spells                             Type                      Level
   a - Sandblast                      Earth                        1
   b - Passwall                       Transmutation/Earth          2
   c - Stone Arrow                    Conjuration/Earth            3
   d - Petrify                        Transmutation/Earth          4
   e - Lee's Rapid Deconstruction     Earth                        5
 s - a book of Cantrips

   Spells                             Type                      Level
   a - Confusing Touch                Hexes                        1
   b - Animate Skeleton               Necromancy                   1
   c - Summon Small Mammal            Summoning                    1
   d - Apportation                    Translocation                1
Comestibles
 d - 4 bread rations
 h - 6 royal jellies
 m - 2 meat rations
 t - 9 fruits


   Skills:
 - Level 1.0 Staves
 - Level 1.5 Dodging
 - Level 2.1 Stealth
 + Level 2.4 Shields
 - Level 10.0 Spellcasting
 - Level 3.0 Conjurations
 + Level 3.7 Translocations
   Level 0.7 Transmutations
 - Level 10.0 Earth Magic
 + Level 3.6 Evocations


You had 19 spell levels left.
You knew the following spells:

 Your Spells              Type           Power        Failure   Level  Hunger
a - Sandblast             Erth           #####.       1%          1    None
b - Stone Arrow           Conj/Erth      ####..       1%          3    None
c - Lee's Rapid Deconstr  Erth           #####.....   1%          5    None
d - Apportation           Tloc           ###...       2%          1    None


Dungeon Overview and Level Annotations

Branches:
Dungeon (8/15)             Temple (1/1) D:5
   Lair: D:8-11

Altars:
Ashenzari
Cheibriados
Dithmenos
Elyvilon
Fedhas
Gozag
Hepliaklqana
Kikubaaqudgha
Makhleb
Nemelex Xobeh
Okawaru
Qazlal
Ru
Sif Muna
Trog
Uskayaw
Vehumet
Wu Jian
Xom
Yredelemnul
Zin
The Shining One

Shops:
D:5 *


Innate Abilities, Weirdness & Mutations

You are resistant to torment.
Your stone body is resilient. (AC +7)
You are immune to poison.
You resist negative energy. (rN+)
You are resistant to electric shocks. (rElec)
You can survive without breathing.
You are immune to petrification.
You are immune to rotting.


Message History

Nothing appears to happen.
The orc warrior hits you from afar with a halberd!
The crimson imp hits you with a transparent quarterstaff {freeze}!
* * * LOW HITPOINT WARNING * * *
The crimson imp freezes you.
* * * LOW HITPOINT WARNING * * *
Casting: Sandblast
Confirm with . or Enter, or press ? or * to list all spells.
Aiming: Sandblast
Press: ? - help, Shift-Dir - straight line, f/p - orc warrior
Aim: an orc warrior, wielding a halberd and wearing a chain mail (almost dead)
The blast of sand hits the orc warrior.
You kill the orc warrior!
Vehumet accepts your kill.
b - 54 stones You hit the crimson imp.
The crimson imp is lightly wounded.
The crimson imp shouts, "Succumb, thou impertinent pigeon-egg ratsbane!"
The crimson imp hits you with a transparent quarterstaff {freeze}!
You die...

######## #.#.###.#
# #.#.###.# #
#.#..##.# #
#.##.##.# #
#.......# #
####..### . ##.# .
#5# . ####@# .#
..#.# #.#)#
####.#†###
#..5P[.P.###
#.....P....######
......P.P)%........
.#...P...P..P.#####
.....PP.PP.)..P....


You could see a crimson imp.

Vanquished Creatures
  Pikel (D:6)
  Prince Ribbit (D:6)
  A hippogriff (D:8)
  Eustachio (D:6)
  A porcupine (D:8)
  2 water moccasins (D:6)
  3 orc warriors
  An ice beast (D:3)
  A phantom (D:4)
  4 ogres
  5 centaurs
  A crocodile (D:8)
  3 bullfrogs
  3 gnoll sergeants (D:7)
  2 scorpions
  5 wights (D:7)
  A howler monkey (D:8)
  6 crimson imps
  2 jellies
  A bullfrog zombie (D:5)
  A centaur zombie (D:8)
  A centaur skeleton (D:5)
  7 orc priests
  2 gnoll shamans (D:7)
  4 hounds
  10 orc wizards
  2 bullfrog skeletons
  2 iguanas
  3 worker ants
  A hound zombie (D:5)
  A mummy (D:7)
  19 gnolls
  8 adders
  A shadow imp (D:7)
  An ooze (D:1)
  2 worms (D:2)
  A dart slug (D:2)
  5 leopard geckos
  24 orcs
  7 bats
  7 giant cockroaches
  7 goblins
  21 hobgoblins
  4 jackals (D:7)
  10 kobolds
  2 quokkas
  3 ball pythons
  6 frilled lizards
  A giant cockroach zombie (D:5)
  2 jackal skeletons
  2 quokka skeletons
  5 rats
  A plant (D:7)
218 creatures vanquished.

Notes
Turn   | Place    | Note
-------+----------+-------------------------------------------
     0 | D:1      | Laiders the Gargoyle Earth Elementalist began the quest for the Orb.
     0 | D:1      | Reached XP level 1. HP: 10/10 MP: 3/3
    89 | D:1      | Reached XP level 2. HP: 15/15 MP: 3/5
   710 | D:1      | Reached XP level 3. HP: 15/19 MP: 6/6
   721 | D:1      | Reached skill level 5 in Earth Magic
  1078 | D:2      | Learned a level 3 spell: Stone Arrow
  1092 | D:2      | Reached XP level 4. HP: 15/24 MP: 0/7
  1405 | D:2      | Found an ornate altar of the Wu Jian Council.
  1464 | D:2      | Reached skill level 1 in Conjurations
  1471 | D:2      | Reached XP level 5. HP: 19/28 MP: 0/8
  1722 | D:2      | Learned a level 5 spell: Lee's Rapid Deconstruction
  2175 | D:3      | Noticed an ice beast
  2182 | D:3      | Killed an ice beast
  2182 | D:3      | Reached XP level 6. HP: 32/32 MP: 0/10
  2998 | D:4      | Found a white marble altar of Elyvilon.
  3021 | D:4      | Reached XP level 7. HP: 34/36 MP: 3/14
  3162 | D:4      | Reached skill level 5 in Spellcasting
  3990 | D:5      | Entered Level 5 of the Dungeon
  4187 | D:5      | Reached XP level 8. HP: 26/41 MP: 0/17
  4530 | D:5      | Found Gozag's Platinum Reserve.
  4533 | D:5      | Found an opulent altar of Gozag.
  4570 | D:5      | Found a blossoming altar of Fedhas.
  4570 | D:5      | Found an iron altar of Okawaru.
  4737 | D:5      | Found a staircase to the Ecumenical Temple.
  4997 | Temple   | Entered the Ecumenical Temple
  5148 | Temple   | Became a worshipper of Vehumet
  5195 | D:5      | Found a sparkling altar of Nemelex Xobeh.
  5577 | D:6      | Noticed Eustachio
  5582 | D:6      | Killed Eustachio
  5746 | D:6      | Noticed Pikel
  5759 | D:6      | Killed Pikel
  5759 | D:6      | Reached XP level 9. HP: 35/45 MP: 10/21
  6029 | D:6      | Noticed Prince Ribbit
  6320 | D:6      | Killed Prince Ribbit
  6320 | D:6      | Reached skill level 10 in Earth Magic
  6717 | D:7      | Reached * piety under Vehumet
  6717 | D:7      | Offered knowledge of Freeze by Vehumet.
  7082 | D:7      | Reached skill level 10 in Spellcasting
  7083 | D:7      | Reached skill level 1 in Staves
  7151 | D:7      | Learned a level 1 spell: Apportation
  7212 | D:7      | Reached XP level 10. HP: 50/50 MP: 17/24
  7266 | D:7      | Offered knowledge of Throw Frost by Vehumet.
  7322 | D:7      | Reached ** piety under Vehumet
  7342 | D:7      | Reached skill level 1 in Translocations
  7342 | D:7      | Reached skill level 1 in Evocations
  7677 | D:7      | Found a snail-covered altar of Cheibriados.
  8254 | D:7      | Offered knowledge of Static Discharge by Vehumet.
  8701 | D:8      | Reached skill level 1 in Shields
  8758 | D:8      | Reached *** piety under Vehumet
  8796 | D:8      | Identified the +10 quarterstaff "Neomiug" {freeze, rF+ rC- rN+}
  8796 | D:8      | Slain by a crimson imp

Vault maps used:
D:1:      dpeg_arrival_refuge, minmay_door_square, serial_bayou_pond_a,
          corexii_corridor_pit
D:2:      old_standard_altar, first_bread
D:4:      elyvilon_altar_4
D:5:      nicolae_gozag_zags_fifth_avenue, grunt_temple_overflow_open,
          minmay_temple_entry_statues_pillars, nemelex_lonely_heart_becter
D:6:      uniq_pikel, uniq_eustachio, uniq_prince_ribbit1
D:7:      kennysheep_housing_project, slow_altar_1
D:8:      grunt_lair_entry_orc_guard_hut, serial_shops, shop_fountains
Temple:   minmay_crystal_spiral_temple

Skill      XL: |  1  2  3  4  5  6  7  8  9 10 |
---------------+-------------------------------+-----
Earth Magic    | 4 5 6 9 10 | 10.0
Conjurations   | 1 3 |  3.0
Spellcasting   | 3 4 6 8 10 | 10.0
Staves         | 1 |  1.0
Translocations | 3 |  3.7
Evocations     | 3 |  3.6
Shields        | 2 |  2.4
Dodging        | |  1.5
Stealth        | |  2.1
Transmutations | |  0.7

Action                   |  1- 3 |  4- 6 |  7- 9 | 10-12 || total
-------------------------+-------+-------+-------+-------++-------
Melee: Unarmed           |     3 |       |       |       ||     3
       Dagger            |     4 |       |       |       ||     4
       Short sword       |    48 |    20 |       |       ||    68
       Staff             |       |   104 |   123 |   110 ||   337
 Cast: Sandblast         |    17 |    33 |    94 |    41 ||   185
       Stone Arrow       |       |    12 |    52 |    46 ||   110
       Lee's Rapid Decon |       |       |     5 |     5 ||    10
 Abil: Evoke Flight      |       |       |     1 |       ||     1
Evoke: Staff of energy   |       |       |     2 |       ||     2
  Use: Scroll            |     3 |     2 |     7 |     5 ||    17
       Potion            |       |       |     1 |     1 ||     2
 Stab: Sleeping          |       |     1 |       |       ||     1
  Eat: Chunk             |     1 |     6 |     9 |     5 ||    21
       Bread ration      |       |       |     1 |       ||     1
Armor: Robe              |    14 |    68 |    51 |       ||   133
       Leather armour    |       |       |    29 |    31 ||    60
Dodge: Dodged            |    38 |   127 |   131 |    33 ||   329
Block: Buckler           |       |       |       |    11 ||    11

Table legend:
 A = Spawn XP
 B = Non-spawn XP
 C = Spawn XP percentage of total XP
 D = Spawn monster count
 E = Non-spawn monster count
 F = Spawn count percentage of total count
 G = Total turns spent on level
                    A         B        C        D         E        F      G
               +---------+---------+-------+---------+---------+-------+---------
         Total |       0 |    6914 |   0.0 |       0 |     217 |   0.0 |  8796
               +---------+---------+-------+---------+---------+-------+---------
           D:1 |       0 |      41 |   0.0 |       0 |      20 |   0.0 |  1075
           D:2 |       0 |     175 |   0.0 |       0 |      28 |   0.0 |  1098
           D:3 |       0 |     174 |   0.0 |       0 |      17 |   0.0 |   489
           D:4 |       0 |     521 |   0.0 |       0 |      21 |   0.0 |  1430
           D:5 |       0 |     893 |   0.0 |       0 |      27 |   0.0 |  1314
           D:6 |       0 |    1873 |   0.0 |       0 |      19 |   0.0 |  1246
           D:7 |       0 |    2179 |   0.0 |       0 |      73 |   0.0 |  1848
           D:8 |       0 |    1058 |   0.0 |       0 |      12 |   0.0 |   125
               +---------+---------+-------+---------+---------+-------+---------
